 Dungeon Crawl Stone Soup version 0.17.1-1-g73c8601 (webtiles) character file.

483 Implojin the Grappler (level 6, -1/59 HPs)
             Began as a Troll Monk on Apr 6, 2016.
             Slain by an orc warrior
             ... wielding a +0 halberd
              (19 damage)
             ... on level 7 of the Dungeon.
             The game lasted 00:03:52 (860 turns).

Implojin the Grappler (Troll Monk)                   Turns: 860, Time: 00:03:52

Health: -1/59      AC:  6    Str: 20    XL:     6   Next: 87%
Magic:  5/5        EV:  5    Int:  6    God:
Gold:   94         SH:  0    Dex: 14    Spells: 0 memorised, 5 levels left

rFire  . . .     SeeInvis .       - Unarmed
rCold  . . .     Clarity  .     n - +1 robe of the Original Sin {rPois} (curse)
rNeg   . . .     SustAt   .     (no shield)
rPois  +         Gourm    +     (helmet restricted)
rElec  .         Spirit   .     (no cloak)
rCorr  .         Warding  .     (gloves unavailable)
rMut   .         Stasis   .     (boots unavailable)
MR     .....                    (no amulet)
Stlth  ++........               (no ring)
                                (no ring)

@: not resistant to hostile enchantments, unstealthy
A: unfitting armour, claws 3, fast metabolism 3, gourmand, regeneration 2,
shaggy fur 1, tough skin 2
a: no special abilities


You were on level 7 of the Dungeon.
You were very full.

You visited 1 branch of the dungeon, and saw 7 of its levels.

You collected 94 gold pieces.

Inventory:

Missiles
 q - 6 tomahawks (quivered)
Armour
 a - a +0 robe
 n - the cursed +1 robe of the Original Sin (worn) {rPois}
   (You found it on level 4 of the Dungeon)

   It protects you from poison.
   It has a curse placed upon it.
Wands
 h - a wand of fireball (4)
 s - a wand of disintegration (11)
Scrolls
 c - 2 scrolls of teleportation {unknown}
 d - a scroll of enchant armour {unknown}
 e - a scroll of amnesia {unknown}
 f - a scroll of fog {unknown}
 g - a scroll of magic mapping {unknown}
 m - a scroll of fear {unknown}
 p - a scroll of remove curse {unknown}
 r - a scroll of identify {unknown}
Potions
 i - a potion of flight {unknown}
 k - a potion of curing {unknown}
 l - a potion of cure mutation {unknown}
Comestibles
 b - 2 bread rations
 j - 3 meat rations
 o - 5 chunks of flesh
 t - 4 fruits


   Skills:
 - Level 2.4 Fighting
 - Level 2.4 Dodging
 - Level 1.1 Stealth
 * Level 8.3 Unarmed Combat


You had 5 spell levels left.
You didn't know any spells.

Dungeon Overview and Level Annotations

Branches:
Dungeon (7/15)
 Temple: D:4-7

Altars:
Dithmenos


Innate Abilities, Weirdness & Mutations

You are too large for most types of armour.
You have claws for hands.
Your metabolism is lightning-fast.
You like to eat raw meat.
You heal very quickly.
You are covered in fur (AC +1).
You have very tough skin (AC +2).


Message History

There is a stone staircase leading down here.
You climb downwards.
There is a stone staircase leading up here.
Found 4 gold pieces and 4 fruits.
Found a stone staircase leading down.
Found 5 poisoned needles.
You now have 94 gold pieces (gained 4).
t - 4 fruits
There are no items here.
A quokka comes into view.
There is a stone staircase leading down here.
You climb downwards.
An orc, an orc warrior, an orc wizard and a crimson imp come into view.
The orc warrior shouts!
The orc shouts!
The crimson imp shouts!
There is a stone staircase leading up here.
You scratch the orc wizard.
The orc wizard is moderately wounded.
You barely miss the orc wizard.
The orc wizard is moderately wounded.
The orc wizard casts a spell.
The orc wizard blinks!
The crimson imp shouts, "Escape, thou currish hasty-witted snaffler!"
You miss the crimson imp.
The crimson imp hits you but does no damage.
The orc warrior closely misses you.
You scratch the crimson imp but do no damage.
The crimson imp hits you.
The orc warrior hits you from afar with a halberd!
You scratch the crimson imp.
The crimson imp is moderately wounded.
The orc wizard points at you and mumbles some strange words.
The magic dart hits you! The crimson imp barely misses you.
You scratch the crimson imp but do no damage.
The crimson imp is moderately wounded.
The orc warrior hits you from afar with a halberd!!
* * * LOW HITPOINT WARNING * * *
The crimson imp hits you.
* * * LOW HITPOINT WARNING * * *
Unknown command.
The orc warrior hits you from afar with a halberd!!
You die...

##. ...
####..
.....
#... #.oo
####..o##
......5@#
######.##
... ####


You could see an orc warrior, an orc wizard, a crimson imp and an orc.

Vanquished Creatures
  An ogre (D:4)
  A phantom (D:4)
  A scorpion (D:4)
  A giant frog skeleton (D:4)
  A centaur skeleton (D:4)
  2 hounds
  An iguana (D:5)
  A worker ant (D:5)
  2 hound skeletons
  5 adders
  An orc (D:4)
  2 goblins
  2 hobgoblins
  6 jackals (D:5)
  3 quokkas (D:4)
  2 bats
  A giant gecko (D:2)
  A giant newt (D:1)
  2 rats (D:1)
36 creatures vanquished.

Notes
Turn   | Place    | Note
--------------------------------------------------------------
     0 | D:1      | Implojin the Troll Monk began the quest for the Orb.
     0 | D:1      | Reached XP level 1. HP: 22/22 MP: 0/0
    38 | D:2      | Reached XP level 2. HP: 29/29 MP: 1/1
   128 | D:2      | Reached skill level 5 in Unarmed Combat
   128 | D:2      | Reached XP level 3. HP: 29/36 MP: 2/2
   408 | D:4      | Noticed a phantom
   451 | D:4      | Killed a phantom
   451 | D:4      | Reached skill level 6 in Unarmed Combat
   451 | D:4      | Reached XP level 4. HP: 40/44 MP: 3/3
   488 | D:4      | Noticed a scorpion
   499 | D:4      | Killed a scorpion
   499 | D:4      | Reached XP level 5. HP: 36/50 MP: 4/4
   524 | D:4      | Got a heavy robe
   552 | D:4      | Identified the cursed +1 robe of the Original Sin {rPois} (You found it on level 4 of the Dungeon)
   560 | D:5      | Entered Level 5 of the Dungeon
   580 | D:4      | Noticed an ogre
   580 | D:4      | Reached skill level 7 in Unarmed Combat
   587 | D:4      | Killed an ogre
   587 | D:4      | Reached XP level 6. HP: 38/59 MP: 5/5
   665 | D:5      | Reached skill level 8 in Unarmed Combat
   709 | D:5      | Found a shadowy altar of Dithmenos.
   860 | D:7      | Slain by an orc warrior

Action                   |  1- 3 |  4- 6 || total
-------------------------+-------+-------++-------
Melee: Unarmed           |    89 |    63 ||   152
 Stab: Sleeping          |     2 |     1 ||     3
  Eat: Chunk             |     5 |     8 ||    13

Table legend:
 A = Turns spent in this place as a percentage of turns spent in the entire game.
 B = Non-inter-level travel turns spent in this place as a percentage of non-inter-level travel turns spent in the entire game.
 C = Inter-level travel turns spent in this place as a percentage of turns spent in this place.
 D = Turns resting spent in this place as a percentage of non-inter-level travel turns spent in this place.
 E = Turns spent auto-exploring this place as a percentage of non-inter-level travel turns spent in this place.
 F = Non-inter-level travel turns spent in this place divided by the number of levels of this place that you've seen.
                   A       B       C       D       E      F
               +-------+-------+-------+-------+-------+----------------------
         Total | 100.0 | 100.0 |   0.0 |   0.0 |   0.0 | 116.3
       Dungeon | 100.0 | 100.0 |   0.0 |   0.0 |   0.0 | 116.3
               +-------+-------+-------+-------+-------+----------------------

Table legend:
 A = Kills in this place as a percentage of kills in entire the game.
 B = Kills by you in this place as a percentage of kills by you in the entire game.
 C = Kills by friends in this place as a percentage of kills by friends in the entire game.
 D = Other kills in this place as a percentage of other kills in the entire game.
 E = Experience gained in this place as a percentage of experience gained in the entire game.
 F = Experience gained in this place divided by the number of levels of this place that you have seen.
                   A       B       C       D       E      F
               +-------+-------+-------+-------+-------+----------------------
         Total | 100.0 | 100.0 |  -nan |  -nan | 100.0 |  98.6
       Dungeon | 100.0 | 100.0 |  -nan |  -nan | 100.0 |  98.6
               +-------+-------+-------+-------+-------+----------------------
